 Dungeon Crawl Stone Soup version 0.28.0-53-g5a82cb258f (webtiles) character file.

Game seed: 15326602818351095874

104 H0rd4k the Charlatan (level 5, -3/38 HPs)
             Began as a Human Artificer on May 25, 2022.
             Killed from afar by an orc wizard (8 damage)
             ... with a magic dart
             ... on level 3 of the Dungeon.
             The game lasted 00:04:01 (3742 turns).

H0rd4k the Charlatan (Human Artificer)              Turns: 3742, Time: 00:04:02

Health: -3/38      AC:  5    Str: 12    XL:     5   Next: 7%
Magic:  5/5        EV: 12    Int: 13    God:
Gold:   169        SH:  0    Dex: 14    Spells: 4/4 levels left

rFire   . . .      SeeInvis .   a - +0 club
rCold   . . .      Faith    .   (no shield)
rNeg    . . .      Spirit   .   b - +0 leather armour
rPois   .          Reflect  .   (no helmet)
rElec   .          Harm     .   (no cloak)
rCorr   .          Rampage  .   g - +0 pair of gloves
Will    .....                   f - +0 pair of boots
Stlth   +.........              (no amulet)
HPRegen 0.12/turn               j - ring of flight
MPRegen 0.09/turn               (no ring)

@: flying
A: no striking features
a: no special abilities


You were on level 3 of the Dungeon.
You visited 1 branch of the dungeon, and saw 4 of its levels.

You collected 169 gold pieces.

Inventory:

Hand Weapons
 a - a +0 club (weapon)
Missiles
 r - 5 poisoned darts
 v - a throwing net
Armour
 b - a +0 leather armour (worn)
 f - a +0 pair of boots (worn)
 g - a +0 pair of gloves (worn)
Jewellery
 j - a ring of flight (left hand)
 s - a +4 ring of protection
Wands
 d - a wand of charming (12)
 u - a wand of polymorph (13)
Scrolls
 c - a scroll of blinking {unknown}
 i - a scroll of amnesia {unknown}
 k - a scroll of vulnerability {unknown}
 l - 2 scrolls of fog {unknown}
 o - a scroll of identify {unknown}
 p - 2 scrolls of fear {unknown}
Potions
 h - 3 potions of curing {unknown}
 m - a potion of brilliance {unknown}
 n - a potion of haste {unknown}
 q - a potion of lignification {unknown}
 t - a potion of flight {unknown}
Miscellaneous
 e - a piece from Xom's chessboard (15/15)


   Skills:
 + Level 1.7 Fighting
 + Level 1.7 Maces & Flails
 - Level 2.3 Armour
 + Level 2.4 Dodging
 - Level 1.0 Stealth
 + Level 3.7 Evocations


You had 4 spell levels left.
You didn't know any spells.
Your spell library was empty.

Dungeon Overview and Level Annotations

Branches:
Dungeon (4/15)
 Temple: D:4-7

Altars:
Qazlal

Annotations:
D:2 exclusion: downstairs
D:3 exclusion: 2 downstairs, Jessica, Robin
D:4 Sigmund


Message History

The puff of flame hits the orc wizard!
The orc wizard closely misses your orc wizard.
Are you sure you want to stumble around while confused and next to your orc wizard?
Okay, then.
Your orc wizard barely misses the orc wizard.
The orc wizard misses your orc wizard.
Your orc wizard hits the orc wizard with a +0 dagger.
The orc wizard completely misses your orc wizard.
Your orc wizard hits the orc wizard with a +0 dagger.
The orc wizard hits your orc wizard with a +0 dagger.
The orc hits your orc wizard with a +0 flail!
You feel less confused.
Your orc wizard barely misses the orc wizard.
The orc wizard mumbles some strange words.
The orc wizard flickers and vanishes!
Deactivating autopickup; reactivate with Ctrl-A.
The orc hits your orc wizard but does no damage.
You closely miss something.
Your orc wizard barely misses something.
Something hits you.
The orc hits your orc wizard with a +0 flail.
Your orc wizard dies!
You completely miss something. Something hits you.
You miss something. Something hits you but does no damage. The orc misses you.
You hit something but do no damage. Something completely misses you.
The orc hits you with a +0 flail! Something hits you.
You hit something. The orc hits you with a +0 flail! Something hits you.
The orc hits you with a +0 flail!
* * * LOW HITPOINT WARNING * * *
You closely miss something. Something barely misses you.
The orc closely misses you.
Aiming: Charm
Press: ? - help, Shift-Dir - straight line, f - orc
Aim: an orc, wielding a +0 flail (chance to affect: 75%)
The orc is charmed.
Something hits you but does no damage.
You miss something.
You hear some strange, mumbled words.
A magic dart appears from out of thin air!
The magic dart hits you!
You die...

########### # ###≈≈≈#####
#####≈≈≈≈≈≈≈≈≈###
≈≈≈≈≈≈≈#####≈≈≈≈###
##≈≈≈###..####≈≈≈≈##
^##≈≈≈≈#..# ##≈...######
..######..# ##........#
..........# #........#
..........# #@.......#
..........# #{o......#
.........(# #........#
..........# ###........#
..........# #.+........#
..........# #.#........#
......>...# #.#........#
.....o..o.# #..........#
..........#####......####


You could see a friendly orc (charmed).

Vanquished Creatures
  A hound skeleton (D:4)
  2 adders (D:2)
  2 worms (D:2)
  2 dart slugs
  2 orcs (D:3)
  6 bats
  3 endoplasms
  7 giant cockroaches
  7 goblins
  7 hobgoblins
  2 quokkas (D:2)
  5 ball pythons
  3 frilled lizards
  6 kobolds
  2 rats
57 creatures vanquished.

Vanquished Creatures (collateral kills)
  A giant cockroach (D:2)
  A hobgoblin (D:2)
2 creatures vanquished.

Vanquished Creatures (others)
  An orc wizard (D:3)
1 creature vanquished.

Grand Total: 60 creatures vanquished

Notes
Turn   | Place    | Note
-------+----------+-------------------------------------------
     0 | D:1      | H0rd4k the Human Artificer began the quest for the Orb.
     0 | D:1      | Reached XP level 1. HP: 15/15 MP: 1/1
   296 | D:1      | Reached XP level 2. HP: 10/21 MP: 2/2
   304 | D:1      | HP: 1/21 [dart slug (3)]
   655 | D:1      | Found a faded altar of an unknown god.
   938 | D:1      | Reached XP level 3. HP: 20/26 MP: 3/3
  1719 | D:2      | Reached skill level 1 in Maces & Flails
  1980 | D:2      | Reached XP level 4. HP: 27/32 MP: 4/4
  3085 | D:3      | Noticed Robin
  3108 | D:4      | Noticed Sigmund
  3250 | D:3      | Noticed Jessica
  3573 | D:4      | Reached XP level 5. HP: 29/38 MP: 5/5
  3647 | D:4      | Found a stormy altar of Qazlal.
  3742 | D:3      | Killed from afar by an orc wizard

Illustrated notes

Levels and vault maps discovered:
D:1:      onia_arrival_mini_spirals, layout_basic, serial_aquarium,
          aquarium_bridge_long_joined [aquarium_subvault_bridge,
          aquarium_subvault_balcony, aquarium_subvault_window,
          aquarium_subvault_wall, aquarium_subvault_balcony,
          aquarium_subvault_bridge], aquarium_window_1, aquarium_window_fake,
          aquarium_window_1, aquarium_view_2c, aquarium_balcony_double_2,
          aquarium_pool_five, ebering_ecumenical_altar_petrified
D:2:      minmay_angry_zag, layout_rooms, minmay_box_of_dots
D:3:      layout_basic, corexii_leaking_fountain,
          chequers_serial_rivers_large_b, grunt_ministairs_4, uniq_robin,
          uniq_jessica, uniq_ijyb
D:4:      layout_rooms, nicolae_overflow_hidden_temple, uniq_sigmund

Skill      XL: |  1  2  3 |
---------------+----------+-----
Maces & Flails | 1 |  1.7
Dodging        | 2 |  2.4
Fighting       | |  1.7
Armour         | |  2.3
Stealth        | |  1.0
Evocations     | |  3.7

Action                   |  1- 3 |  4- 6 || total
-------------------------+-------+-------++-------
Melee: Club              |   143 |   130 ||   273
       Punch             |     1 |     1 ||     2
Evoke: Wand              |    13 |     5 ||    18
 Stab: Sleeping          |     1 |     1 ||     2
Armor: Leather armour    |    68 |    63 ||   131
Dodge: Dodged            |   117 |    95 ||   212
